 Dungeon Crawl Stone Soup version 0.29-a0-393-g47a863cc1b (webtiles) character file.

Game seed: 2525461148046959205

203 zeratav the Shooter (level 5, 0/30 HPs)
             Began as a Tengu Hunter on May 9, 2022.
             Succumbed to an adder's poison
             ... on level 2 of the Dungeon.
             The game lasted 00:02:55 (1494 turns).

zeratav the Shooter (Tengu Hunter)                  Turns: 1494, Time: 00:02:56

Health: 0/30       AC:  3    Str: 18    XL:     5   Next: 81%
Magic:  6/6        EV: 14    Int:  9    God:
Gold:   121        SH:  0    Dex: 19    Spells: 4/4 levels left

rFire   . . .      SeeInvis .   a - +1 shortbow {bow}
rCold   . . .      Faith    .   (shield currently unavailable)
rNeg    . . .      Spirit   .   b - +0 leather armour
rPois   .          Reflect  .   (helmet restricted)
rElec   .          Harm     .   (no cloak)
rCorr   .          Rampage  .   (no gloves)
Will    .....                   (boots unavailable)
Stlth   ++........              (no amulet)
HPRegen 0.10/turn               h - +6 ring of strength
MPRegen 0.10/turn               (no ring)

@: lethally poisoned (0 -> -1), flying quickly and evasively, quick
A: beak, talons 3, nimble flight
a: no special abilities


You were on level 2 of the Dungeon.
You visited 1 branch of the dungeon, and saw 2 of its levels.

You collected 121 gold pieces.


Innate Abilities, Weirdness & Mutations

You have a beak for a mouth.
You have claws for feet.
Your magical nature lets you fly swiftly and evasively.


   Skills:
 - Level 2.0 Fighting
 + Level 7.5 Bows
 - Level 2.1 Dodging
 - Level 1.0 Stealth


You had 4 spell levels left.
You didn't know any spells.
Your spell library was empty.

Inventory:

Hand Weapons
 a - a +1 shortbow (weapon) {bow}
 e - a +3 dagger {short}
   (You found it on level 1 of the Dungeon)
 g - a +1 whip of freezing {mace}
   (You took it off a kobold on level 1 of the Dungeon)
Armour
 b - a +0 leather armour (worn)
 j - a +0 robe
   (You found it on level 1 of the Dungeon)
 l - a +0 robe
   (You found it on level 2 of the Dungeon)
 n - a +0 robe
   (You took it off Sigmund on level 2 of the Dungeon)
Jewellery
 h - a +6 ring of strength (left hand)
   (You found it on level 1 of the Dungeon)
Scrolls
 c - 2 scrolls of immolation {!r!r}
 f - 2 scrolls of identify {unknown}
 i - a scroll of noise {unknown}
 k - a scroll of enchant weapon {unknown}
 m - a scroll of enchant armour {unknown}
 p - a scroll of summoning {unknown}
Potions
 d - 3 potions of lignification {unknown}
 o - a potion of curing {unknown}

Dungeon Overview and Level Annotations

Branches:
Dungeon (2/15)

Altars:

.......##.# #.#.#...#.#
#.# ..####.##.#
#...####### ### ..#
#.##.#######.#.##
.#####.##.........##.##
.###......###......##.#
.....###..# ######.####
#....# #..# #.#
#.#.†###.#########.##
#.#....)........@.J.#
#.#.##.#.######.###.#
#.#......# #.#
#.g.g.... .......###
#.# #.'...... ..######
#.# ###....r. ### #.#
...... # #.# ...... #
##.# ..... #..# #....


You could see an endoplasm.


Message History

You take 4 damage, and now have 23/30 hp.
You shoot an arrow. The arrow completely misses the adder.
The ball python hisses angrily.
The arrow hits the endoplasm.
You feel sick. The adder closely misses you.
HP[-2]
You take 2 damage, and now have 21/30 hp.
You are too injured to fight recklessly!
You are too injured to fight recklessly!
Shoot: a) +1 shortbow {bow}
Press: ? - help, Q - select action Shift-Dir - straight line, f/p - adder
Aim: an adder (severely wounded, 51% to hit)
You shoot an arrow. The arrow closely misses the adder.
The arrow hits the endoplasm.
You feel sick. The adder closely misses you.
HP[-1]
You take 1 damage, and now have 20/30 hp.
Shoot: a) +1 shortbow {bow}
Press: ? - help, Q - select action Shift-Dir - straight line, f/p - adder
Aim: an adder (severely wounded, 51% to hit)
You shoot an arrow.
The arrow hits the adder but does no damage.
You feel sick. The adder bites you. x2
* * * LOW HITPOINT WARNING * * *
You are more poisoned.
The adder poisons you!
HP[-5]
You take 5 damage, and now have 15/30 hp.
Shoot: a) +1 shortbow {bow}
Press: ? - help, Q - select action Shift-Dir - straight line, f/p - adder
Aim: an adder (severely wounded, 51% to hit)
You shoot an arrow. The arrow misses the adder.
The arrow hits the endoplasm.
You kill the endoplasm!
You feel sick. The adder closely misses you.
HP[-2]
You take 2 damage, and now have 13/30 hp.
Shoot: a) +1 shortbow {bow}
Press: ? - help, Q - select action Shift-Dir - straight line, f/p - adder
Aim: an adder (severely wounded, 51% to hit)
You shoot an arrow. The arrow barely misses the adder.
You feel sick. The adder closely misses you.
The ball python closely misses you. The ball python completely misses you.
The adder misses you.
HP[-1]
You take 1 damage, and now have 12/30 hp.
Shoot: a) +1 shortbow {bow}
Press: ? - help, Q - select action Shift-Dir - straight line, f/p - adder
Aim: an adder (severely wounded, 51% to hit)
You shoot an arrow. The arrow barely misses the adder.
You feel sick. The ball python closely misses you. The ball python misses you.
The adder bites you.
* * * LOW HITPOINT WARNING * * *
You are more poisoned.
The adder poisons you!
The ball python bites you but does no damage.
The ball python closely misses you.
HP[-3]
You take 3 damage, and now have 9/30 hp.
Shoot: a) +1 shortbow {bow}
Press: ? - help, Q - select action Shift-Dir - straight line, f/p - adder
Aim: an adder (severely wounded, 51% to hit)
You shoot an arrow. The arrow hits the adder.
You feel sick. The adder barely misses you.
A hobgoblin comes into view.
The ball python bites you but does no damage.
The ball python barely misses you. The adder bites you.
* * * LOW HITPOINT WARNING * * *
HP[-5]
You take 5 damage, and now have 4/30 hp.
Shoot: a) +1 shortbow {bow}
Press: ? - help, Q - select action Shift-Dir - straight line, f/p - adder
Aim: an adder (almost dead, 51% to hit)
You shoot an arrow. The hobgoblin shouts!
The arrow hits the adder!
You kill the adder!
* * * LOW HITPOINT WARNING * * *
You feel sick. The ball python completely misses you.
The ball python barely misses you.
Shoot: a) +1 shortbow {bow}
Press: ? - help, Q - select action Shift-Dir - straight line, f - ball python
Aim: a ball python (63% to hit)
You shoot an arrow. The arrow hits the ball python.
You kill the ball python!
* * * LOW HITPOINT WARNING * * *
You feel sick.
You hear an angry hiss.
A rat comes into view.
The endoplasm barely misses you.
HP[-1]
You take 1 damage, and now have 3/30 hp.
* * * LOW HITPOINT WARNING * * *
You feel sick.
An adder comes into view.
HP[-1]
You take 1 damage, and now have 2/30 hp.
* * * LOW HITPOINT WARNING * * *
You feel sick.
HP[-1]
You take 1 damage, and now have 1/30 hp.
You die...

Skill      XL: |  1  2  3 |
---------------+----------+-----
Bows           | 5 7 |  7.5
Fighting       | |  2.0
Dodging        | |  2.1
Stealth        | |  1.0

Action                   |  1- 3 |  4- 6 || total
-------------------------+-------+-------++-------
 Fire: Shortbow          |    48 |    21 ||    69
  Use: Scroll            |     1 |       ||     1
Armor: Leather armour    |     5 |     2 ||     7
Dodge: Dodged            |     9 |    20 ||    29

Levels and vault maps discovered:
D:1:      matt_arrival_refuge, layout_loops_cross,
          hellmonk_ecumenical_altar_inner_sanctum, lexackson_kobold_supper
D:2:      kennysheep_big_flooded_room, layout_loops_ring, minmay_misc_feat_room,
          uniq_sigmund

Notes
Turn   | Place    | Note
-------+----------+-------------------------------------------
     0 | D:1      | zeratav the Tengu Hunter began the quest for the Orb.
     0 | D:1      | Reached XP level 1. HP: 12/12 MP: 2/2
     0 | D:1      | magus.rc [v1.9.6]
    48 | D:1      | HP: 3/12 [rat (2)]
   391 | D:1      | Reached XP level 2. HP: 17/17 MP: 3/3
   427 | D:1      | Reached skill level 5 in Bows
   627 | D:1      | Reached XP level 3. HP: 21/21 MP: 4/4
   872 | D:1      | Found a faded altar of an unknown god.
  1223 | D:2      | Noticed Sigmund
  1227 | D:2      | Killed Sigmund
  1228 | D:2      | Reached skill level 7 in Bows
  1228 | D:2      | Reached XP level 4. HP: 26/26 MP: 5/5
  1228 | D:2      | Gained mutation: Your magical nature lets you fly swiftly
                  | and evasively. [Tengu growth]
  1228 | D:2      | Reached XP level 5. HP: 30/30 MP: 6/6
  1489 | D:2      | HP: 7/30 [poisoned by an adder]
  1491 | D:2      | HP: 3/30 [poisoned by an adder]
  1493 | D:2      | HP: 1/30 [poisoned by an adder]
  1494 | D:2      | Succumbed to an adder's poison

Vanquished Creatures
  Sigmund (D:2)
  An adder (D:2)
  A dart slug (D:1)
  6 ball pythons
  2 endoplasms (D:2)
  2 giant cockroaches
  4 hobgoblins
  2 jackals (D:1)
  A quokka (D:1)
  A bat (D:2)
  3 frilled lizards (D:1)
  A goblin (D:2)
  8 kobolds
  3 rats (D:1)
36 creatures vanquished.

Vanquished Creatures (others)
  3 plants (D:1)
3 creatures vanquished.

Grand Total: 39 creatures vanquished

Table legend:
 A = Non-vault XP
 B = Vault XP
 C = Vault XP percentage of total XP
 D = Non-vault monster count
 E = Vault monster count
 F = Vault count percentage of total count
                 A         B        C        D         E       F
            +---------+---------+-------+---------+---------+-------
      Total |      53 |     237 |  81.7 |      26 |      10 |  27.8
            +---------+---------+-------+---------+---------+-------
        D:1 |      26 |      12 |  31.6 |      15 |       8 |  34.8
        D:2 |      27 |     225 |  89.3 |      11 |       2 |  15.4
            +---------+---------+-------+---------+---------+-------

Illustrated notes

Table legend:
 A = Kills in this place as a percentage of kills in entire the game.
 B = Kills by you in this place as a percentage of kills by you in the entire game.
 C = Kills by friends in this place as a percentage of kills by friends in the entire game.
 D = Other kills in this place as a percentage of other kills in the entire game.
 E = Experience gained in this place as a percentage of experience gained in the entire game.
 F = Experience gained in this place divided by the number of levels of this place that you have seen.
                   A       B       C       D       E      F
               +-------+-------+-------+-------+-------+----------------------
         Total | 100.0 | 100.0 |   N/A |   N/A | 100.0 | 145.0
       Dungeon | 100.0 | 100.0 |   N/A |   N/A | 100.0 | 145.0
               +-------+-------+-------+-------+-------+----------------------

Table legend: (Time is in decaauts)
 A = Elapsed time spent in this place.
 B = Non-inter-level travel time spent in this place.
 C = Inter-level travel time spent in this place.
 D = Time resting spent in this place.
 E = Time spent auto-exploring this place.
 F = Levels seen in this place.
 G = Mean time per level.
                   A        B        C        D        E       F      G
               +--------+--------+--------+--------+--------+-----+--------+
         Total |   1487 |   1458 |     29 |    246 |   1052 |   2 |  743.5 |
       Dungeon |   1487 |   1458 |     29 |    246 |   1052 |   2 |  743.5 |
               +--------+--------+--------+--------+--------+-----+--------+

Top non-repeatable levels by time:
     D:1: 1061 daAuts
     D:2: 425 daAuts
